 Dungeon Crawl Stone Soup version 0.30-b1-2-g02819fbbbe (webtiles) character file.

Game seed: 16914973332725739058

6302 Arzdou the Cleaver (level 10, 0/83 HPs)
             Began as a Gnoll Cinder Acolyte on May 24, 2023.
             Was an Initiate of Ignis.
             Slain by a killer bee (3 damage)
             ... on level 9 of the Dungeon.
             The game lasted 00:18:49 (11004 turns).

Arzdou the Cleaver (Gnoll Cinder Acolyte)          Turns: 11004, Time: 00:18:49

Health: 0/83       AC: 10    Str: 13    XL:     10   Next: 95%
Magic:  20/20      EV: 13    Int: 19    God:    Ignis [......]
Gold:   331        SH:  0    Dex:  7    Spells: 18/22 levels left

rFire   + . .        Q - -2 demon whip (venom)
rCold   . . .        (no shield)
rNeg    . . .        L - +0 steam dragon scales
rPois   +            k - +2 hat
rElec   .            I - +0 cloak
rCorr   .            H - +0 pair of gloves
SInv    .            (no boots)
Will    +....        (no amulet)
Stlth   +++          j - ring of willpower
HPRegen 0.33/turn    m - ring of poison resistance
MPRegen 0.17/turn

%: no passive effects
@: lethally poisoned (0 -> -3), rising, flying
A: fangs 1, strong nose, distributed training
a: Renounce Religion


You were on level 9 of the Dungeon.
You worshipped Ignis.
Ignis was noncommittal.
You visited 1 branch of the dungeon, and saw 9 of its levels.

You collected 501 gold pieces.
You spent 170 gold pieces at shops.

Inventory:

Hand Weapons
 a - the +9 war axe of Arcadian Expedience {heavy, rF+ rN+ Int+3 Stlth+}
   (You took it off an orc on level 7 of the Dungeon)

   Int:       It affects your intelligence (+3).
   rF:        It protects you from fire.
   rN:        It protects you from negative energy.
   Stlth:     It makes you more stealthy.
 b - a +0 sling
 t - a +1 whip of electrocution
 Q - a -2 demon whip of venom (weapon)
Armour
 k - a +2 hat (worn)
 u - a +2 robe of willpower
 H - a +0 pair of gloves (worn)
 I - a +0 cloak (worn)
 L - +0 steam dragon scales (worn)
 N - a +0 robe
Jewellery
 j - a ring of willpower (left hand)
 m - a ring of poison resistance (right hand)
 r - a ring of see invisible
 y - a +6 ring of dexterity
 P - a ring of willpower
Wands
 v - a wand of light (1)
 K - a wand of charming (36)
Scrolls
 d - a scroll of butterflies {unknown}
 e - 3 scrolls of amnesia {unknown}
 g - 5 scrolls of teleportation
 h - 3 scrolls of poison {unknown}
 n - 2 scrolls of fog {unknown}
 p - a scroll of torment {unknown}
 s - 2 scrolls of magic mapping {unknown}
 w - 2 scrolls of immolation
 x - a scroll of silence {unknown}
 z - a scroll of noise {unknown}
 A - 2 scrolls of blinking
 B - a scroll of enchant weapon {unknown}
 C - 4 scrolls of fear
 D - a scroll of acquirement {unknown}
 G - 6 scrolls of identify
Potions
 f - 2 potions of lignification {unknown}
 i - a potion of mutation {unknown}
 l - 3 potions of flight
 o - 3 potions of attraction
 q - a potion of haste
 E - a potion of berserk rage {unknown}
 F - 2 potions of heal wounds {unknown}
 J - a potion of ambrosia
 M - a potion of cancellation {unknown}
 O - 2 potions of experience {unknown}


   Skills:
 + Level 9.0 Fighting
 + Level 6.0 Short Blades
 + Level 6.0 Long Blades
 + Level 9.0 Axes
 + Level 6.0 Maces & Flails
 + Level 6.0 Polearms
 + Level 6.0 Staves
 + Level 6.0 Ranged Weapons
 + Level 6.0 Throwing
 + Level 6.0 Armour
 + Level 6.0 Dodging
 + Level 6.0 Stealth
 + Level 6.0 Shields
 + Level 6.0 Unarmed Combat
 + Level 6.6 Spellcasting
 + Level 4.9 Conjurations
 + Level 4.9 Hexes
 + Level 4.9 Summonings
 + Level 4.9 Necromancy
 + Level 4.9 Translocations
 + Level 4.9 Transmutations
 + Level 7.4 Fire Magic
 + Level 4.9 Ice Magic
 + Level 4.9 Air Magic
 + Level 4.9 Earth Magic
 + Level 4.9 Poison Magic
 + Level 6.5 Invocations
 + Level 6.0 Evocations


You had 18 spell levels left.
You knew the following spells:

 Your Spells              Type           Power      Damage    Failure   Level
a - Scorch                Fire           68%        2d7       1%          2
b - Call Imp              Summ           50%        N/A       1%          2

Your spell library contained the following spells:

 Spells                   Type           Power      Damage    Failure   Level
 Magic Dart               Conj           100%       1d8       1%          1
 Mephitic Cloud           Conj/Pois/Air  25%        N/A       4%          3
 Animate Armour           Summ/Erth      50%        N/A       14%         4
 Manifold Assault         Tloc           25%        N/A       14%         4
 Blade Hands              Tmut           12%        N/A       36%         5
 Dispersal                Tloc           12%        N/A       91%         6
 Iron Shot                Conj/Erth      12%        9d3       91%         6
 Disjunction              Tloc           12%        N/A       100%        8


Dungeon Overview and Level Annotations

Branches:
Dungeon (9/15)             Temple (0/1) D:7            Lair (0/5) D:9
    Orc: D:9-12

Altars:
Cheibriados
Dithmenos
Fedhas
Kikubaaqudgha

Shops:
D:3 ??   D:4 ?


Innate Abilities, Weirdness & Mutations

You have very sharp teeth.
Your uncanny sense of smell can sniff out nearby items.
Your experience applies equally to all skills.


Message History

Your Ranged Weapons skill increases to level 6!
Your Throwing skill increases to level 6!
Your Armour skill increases to level 6!
Your Dodging skill increases to level 6!
Your Stealth skill increases to level 6!
Your Shields skill increases to level 6!
Your Unarmed Combat skill increases to level 6!
Your Evocations skill increases to level 6!
Okay, then.
You closely miss the killer bee. Your bite misses the killer bee.
The killer bee stings you but does no damage.
The killer bee completely misses you. The killer bee stings you. x2
You are poisoned.
The killer bee poisons you!
You hit the killer bee. Your bite misses the killer bee.
The killer bee is lightly wounded.
You feel sick. The killer bee stings you.
* * * LOW HITPOINT WARNING * * *
The killer bee stings you but does no damage.
You miss the killer bee. Your bite misses the killer bee.
The killer bee is lightly wounded.
You feel sick. The killer bee misses you. x2
The killer bee closely misses you. The killer bee barely misses you.
You barely miss the killer bee. Your punch misses the killer bee.
Your bite misses the killer bee.
The killer bee is lightly wounded.
You feel sick. The killer bee closely misses you.
The killer bee stings you but does no damage.
You closely miss the killer bee.
The killer bee is lightly wounded.
You feel sick. The killer bee stings you.
* * * LOW HITPOINT WARNING * * *
The killer bee stings you!
* * * LOW HITPOINT WARNING * * *
The killer bee closely misses you. The killer bee stings you.
* * * LOW HITPOINT WARNING * * *
You begin to rise into the air.
You feel sick. The killer bee stings you.
* * * LOW HITPOINT WARNING * * *
The killer bee misses you. The killer bee stings you.
You die...

# ......>.# #........
#.#######..# #........ #.#
#..# #######........ #.#
#..#####.............. ..#
#..................... ..#
#.....................
..#######.....................
..................####+#######
.............).†@.#
...............yy.+
..................#
..................#
..................#
............###...#
######......# #.... #......#
###### #......#


You could see 2 killer bees.

Vanquished Creatures
  Amaemon (D:9)
  Pikel (D:4)
  A cyclops (D:9)
  Maurice (D:8)
  A gargoyle (D:9)
  An orange demon (D:9)
  A vampire (D:9)
  Eustachio (D:5)
  A steam dragon (D:8)
  A wyvern (D:7)
  3 wargs (D:9)
  2 water moccasins
  An ice beast (D:5)
  An orc warrior (D:6)
  4 centaurs
  2 lemures (D:3)
  5 kobold brigands
  A bullfrog (D:8)
  4 scorpions
  A killer bee (D:9)
  2 vampire bats (D:4)
  2 hounds
  A gnoll bouda (D:7)
  4 orc priests
  4 jellies
  An iguana (D:6)
  2 sleepcaps (D:6)
  10 orc wizards
  6 adders
  8 gnolls
  A shadow imp (D:7)
  An ufetubus (D:5)
  4 worms
  2 dart slugs (D:1)
  32 orcs
  7 ball pythons
  2 bat skeletons (D:4)
  2 bat zombies (D:4)
  5 endoplasms
  3 giant cockroaches
  7 goblins
  8 hobgoblins
  4 jackals (D:1)
  22 kobolds
  6 quokkas
  6 bats
  8 frilled lizards
  8 rats
202 creatures vanquished.

Vanquished Creatures (collateral kills)
  A two-headed ogre (D:9)
  A bullfrog (D:9)
  2 gnolls (D:5)
  An orc (D:5)
  A kobold (D:7)
6 creatures vanquished.

Vanquished Creatures (others)
  An orc wizard (D:7)
  37 foxfires
38 creatures vanquished.

Grand Total: 246 creatures vanquished

Notes
Turn   | Place    | Note
-------+----------+-------------------------------------------
     0 | D:1      | Arzdou the Gnoll Cinder Acolyte began the quest for the
                  | Orb.
     0 | D:1      | Reached XP level 1. HP: 23/23 MP: 4/4
   151 | D:1      | Reached XP level 2. HP: 28/29 MP: 5/5
   206 | D:1      | Learned a level 2 spell: Scorch
   492 | D:1      | Reached XP level 3. HP: 30/35 MP: 1/7
  1221 | D:1      | Reached skill level 1 in Invocations
  1276 | D:1      | Reached skill level 1 in Short Blades
  1276 | D:1      | Reached skill level 1 in Long Blades
  1276 | D:1      | Reached skill level 1 in Maces & Flails
  1276 | D:1      | Reached skill level 1 in Polearms
  1276 | D:1      | Reached skill level 1 in Staves
  1276 | D:1      | Reached skill level 1 in Ranged Weapons
  1276 | D:1      | Reached skill level 1 in Throwing
  1276 | D:1      | Reached skill level 1 in Armour
  1276 | D:1      | Reached skill level 1 in Dodging
  1276 | D:1      | Reached skill level 1 in Stealth
  1276 | D:1      | Reached skill level 1 in Shields
  1276 | D:1      | Reached skill level 1 in Unarmed Combat
  1276 | D:1      | Reached skill level 1 in Evocations
  1340 | D:2      | Reached XP level 4. HP: 41/41 MP: 3/8
  1360 | D:1      | Reached skill level 1 in Conjurations
  1360 | D:1      | Reached skill level 1 in Hexes
  1360 | D:1      | Reached skill level 1 in Summonings
  1360 | D:1      | Reached skill level 1 in Necromancy
  1360 | D:1      | Reached skill level 1 in Translocations
  1360 | D:1      | Reached skill level 1 in Transmutations
  1360 | D:1      | Reached skill level 1 in Ice Magic
  1360 | D:1      | Reached skill level 1 in Air Magic
  1360 | D:1      | Reached skill level 1 in Earth Magic
  1360 | D:1      | Reached skill level 1 in Poison Magic
  1798 | D:2      | Found a shadowy altar of Dithmenos.
  2124 | D:3      | Reached XP level 5. HP: 47/47 MP: 0/9
  2255 | D:3      | Found Giuramax's Magic Scroll Shoppe.
  2584 | D:3      | Found Veniush's Magic Scroll Shoppe.
  2607 | D:3      | Bought a scroll of identify for 28 gold pieces
  2607 | D:3      | Bought a scroll of identify for 28 gold pieces
  3225 | D:4      | Noticed a lemure
  3225 | D:4      | Noticed a lemure
  3225 | D:4      | Noticed a lemure
  3227 | D:4      | Noticed Pikel
  3281 | D:4      | Noticed a lemure
  3293 | D:3      | Killed a lemure
  3405 | D:3      | Killed a lemure
  3696 | D:4      | HP: 2/47 [Pikel/bolt of light (16)]
  3697 | D:4      | Killed Pikel
  3698 | D:4      | Reached XP level 6. HP: 1/55 MP: 9/11
  3698 | D:4      | Reached XP level 7. HP: 2/60 MP: 9/12
  4050 | D:4      | Found a transporter.
  4059 | D:4      | Found Eroich's Magic Scroll Shop.
  4405 | D:4      | Learned a level 2 spell: Call Imp
  4833 | D:4      | Found an ancient bone altar of Kikubaaqudgha.
  4854 | D:4      | Reached XP level 8. HP: 63/67 MP: 7/14
  4982 | D:4      | Found a transporter.
  5008 | D:4      | Bought a scroll of blinking for 90 gold pieces
  5008 | D:4      | Bought a scroll of identify for 24 gold pieces
  5069 | D:5      | Entered Level 5 of the Dungeon
  5928 | D:5      | Noticed Eustachio
  5972 | D:5      | Killed Eustachio
  6632 | D:6      | Reached XP level 9. HP: 50/73 MP: 1/16
  6799 | D:6      | Reached skill level 5 in Spellcasting
  7107 | D:7      | HP: 1/74 [wyvern (13)]
  7454 | D:6      | Found a snail-covered altar of Cheibriados.
  7833 | D:6      | Noticed a two-headed ogre
  8206 | D:7      | Found a staircase to the Ecumenical Temple.
  8322 | D:7      | Identified the +9 war axe of Arcadian Expedience {heavy,
                  | rF+ rN+ Int+3 Stlth+}
  8327 | D:7      | Reached skill level 5 in Invocations
  8660 | D:7      | Noticed a hornet
  9237 | D:8      | Noticed Maurice
  9242 | D:8      | Killed Maurice
  9668 | D:9      | Noticed a gargoyle
  9674 | D:9      | Killed a gargoyle
  9675 | D:9      | Reached skill level 5 in Short Blades
  9675 | D:9      | Reached skill level 5 in Long Blades
  9675 | D:9      | Reached skill level 5 in Maces & Flails
  9675 | D:9      | Reached skill level 5 in Polearms
  9675 | D:9      | Reached skill level 5 in Staves
  9675 | D:9      | Reached skill level 5 in Ranged Weapons
  9675 | D:9      | Reached skill level 5 in Throwing
  9675 | D:9      | Reached skill level 5 in Armour
  9675 | D:9      | Reached skill level 5 in Dodging
  9675 | D:9      | Reached skill level 5 in Stealth
  9675 | D:9      | Reached skill level 5 in Shields
  9675 | D:9      | Reached skill level 5 in Unarmed Combat
  9675 | D:9      | Reached skill level 5 in Evocations
  9675 | D:9      | Reached XP level 10. HP: 44/81 MP: 18/18
  9831 | D:9      | Found a staircase to the Lair.
 10049 | D:9      | Found a blossoming altar of Fedhas.
 10377 | D:9      | Noticed a cyclops
 10386 | D:9      | Killed a cyclops
 10502 | D:9      | Identified the +0 buckler of Deaseh {Harm rPois Str-5
                  | Int-3}
 10537 | D:9      | Noticed a two-headed ogre
 10545 | D:9      | Killed a two-headed ogre
 10651 | D:9      | Noticed Amaemon
 10651 | D:9      | Noticed an orange demon
 10664 | D:9      | Killed Amaemon
 10669 | D:9      | HP: 4/82 [poisoned by an orange demon]
 10669 | D:9      | Killed an orange demon
 11004 | D:9      | HP: 3/83 [killer bee (2)]
 11004 | D:9      | Slain by a killer bee

Illustrated notes

Levels and vault maps discovered:
D:1:      dpeg_arrival_chambers_temple_mockup, layout_loops_ring
D:2:      layout_rooms, basic_altar, corner_web_ring
D:3:      layout_basic, serial_shops, nicolae_shop_waterfront, shop,
          chequers_serial_rivers_small_a, lemuel_flame_loot_1
D:4:      layout_loops_ring, kennysheep_vampire_church, serial_shops,
          nicolae_shop_drivethru, uniq_pikel
D:5:      layout_basic, uniq_eustachio
D:6:      layout_basic, mainiacjoe_overflow_boulevard, st_stairs_8,
          minmay_strange_pillars
D:7:      layout_layer_cave, minmay_temple_entry_trees, uniq_menkaure
D:8:      layout_basic, uniq_maurice
D:9:      layout_irregular_city, fedhas_altar_fruit_tree,
          erik_lair_orcish_takeover, hellmonk_bongcloud_opening,
          feat_on_display, uniq_amaemon

Skill      XL: |  1  2  3  4  5  6  7  8  9 10 |
---------------+-------------------------------+-----
Invocations    | 1 2 3 4 5 6 |  6.5
Short Blades   | 1 2 3 5 6 |  6.0
Long Blades    | 1 2 3 5 6 |  6.0
Maces & Flails | 1 2 3 5 6 |  6.0
Polearms       | 1 2 3 5 6 |  6.0
Staves         | 1 2 3 5 6 |  6.0
Ranged Weapons | 1 2 3 5 6 |  6.0
Throwing       | 1 2 3 5 6 |  6.0
Armour         | 1 2 3 5 6 |  6.0
Dodging        | 1 2 3 5 6 |  6.0
Stealth        | 1 2 3 5 6 |  6.0
Shields        | 1 2 3 5 6 |  6.0
Unarmed Combat | 1 2 3 5 6 |  6.0
Evocations     | 1 2 3 5 6 |  6.0
Spellcasting   | 3 4 5 6 |  6.6
Conjurations   | 1 2 3 4 |  4.9
Hexes          | 1 2 3 4 |  4.9
Summonings     | 1 2 3 4 |  4.9
Necromancy     | 1 2 3 4 |  4.9
Translocations | 1 2 3 4 |  4.9
Transmutations | 1 2 3 4 |  4.9
Ice Magic      | 1 2 3 4 |  4.9
Air Magic      | 1 2 3 4 |  4.9
Earth Magic    | 1 2 3 4 |  4.9
Poison Magic   | 1 2 3 4 |  4.9
Fighting       | 7 8 9 |  9.0
Axes           | 7 8 9 |  9.0
Fire Magic     | 6 7 |  7.4

Action                     |  1- 3 |  4- 6 |  7- 9 | 10-12 || total
---------------------------+-------+-------+-------+-------++-------
  Melee: Hand axe          |    48 |    68 |    21 |       ||   137
         Bite              |     4 |     5 |    10 |    10 ||    29
         Punch             |     1 |     1 |     4 |     2 ||     8
         Whip              |       |       |   111 |       ||   111
         War axe           |       |       |    19 |    44 ||    63
         Demon whip        |       |       |       |    21 ||    21
   Cast: Scorch            |    25 |    41 |   131 |     7 ||   204
         Call Imp          |       |       |    15 |     4 ||    19
 Invoke: Fiery Armour      |       |     2 |     2 |     2 ||     6
         Foxfire Swarm     |       |     1 |     2 |     1 ||     4
         Rising Flame      |       |       |       |     1 ||     1
    Use: Scroll            |       |     2 |     6 |       ||     8
         Potion            |       |       |     5 |     3 ||     8
   Stab: Distracted        |       |       |     1 |       ||     1
         Sleeping          |       |       |     3 |     1 ||     4
 Armour: Robe              |     7 |    21 |    57 |       ||    85
         Steam dragon scal |       |       |     1 |    78 ||    79
  Dodge: Dodged            |    34 |    43 |   149 |   100 ||   326
